 Dungeon Crawl Stone Soup version 0.32-a0-685-g93135e86f0 (webtiles) character file.

Game seed: 62352795342220873

54 ytrimaz the Digger (level 3, -1/21 HPs)
             Began as an Octopode Earth Elementalist on Mar 12, 2024.
             Killed from afar by a dart slug (4 damage)
             ... with a slug dart
             ... on level 2 of the Dungeon.
             The game lasted 00:01:04 (937 turns).

ytrimaz the Digger (Octopode Earth Elementalist)     Turns: 937, Time: 00:01:05

Health: -1/21      AC:  1    Str:  7    XL:     3   Next: 91%
Magic:  5/7        EV: 13    Int: 19    God:
Gold:   35         SH:  0    Dex: 12    Spells: 6/7 levels left

rFire   . . .        (no weapon)
rCold   . . .        (no shield)
rNeg    + . .        (helmet restricted)
rPois   .            (no amulet)
rElec   .            c - ring of positive energy
rCorr   .            (no ring)
SInv    .            (no ring)
Will    .....        (no ring)
Stlth   +++          (no ring)
HPRegen 0.23/turn    (no ring)
MPRegen 0.10/turn    (no ring)
                     (no ring)

%: no passive effects
@: no status effects
A: almost no armour, amphibious, 8 rings, camouflage 1, gelatinous body 1,
(nimble swimmer 1), tentacles
a: no special abilities


You were on level 2 of the Dungeon.
You visited 1 branch of the dungeon, and saw 2 of its levels.

You collected 35 gold pieces.


Innate Abilities, Weirdness & Mutations

You cannot wear most types of armour.
You are amphibious.
You can wear up to eight rings at the same time.
Your skin changes colour to match your surroundings (Stealth+).
Your rubbery body absorbs attacks. (AC +1, EV +1)
((You are camouflaged when in or above water. (Stealth+)))
You have tentacles for arms and can constrict up to eight enemies at once.


   Skills:
 - Level 2.0 Dodging
 - Level 2.6 Stealth
 + Level 2.7 Spellcasting
 + Level 2.1 Conjurations
 + Level 3.6 Earth Magic


You had 6 spell levels left.
You knew the following spells:

 Your Spells              Type           Power      Damage    Failure   Level
a - Sandblast             Erth           32%        2d9       3%          1

Your spell library contained the following spells:

 Spells                   Type           Power      Damage    Failure   Level
 Passwall                 Erth           16%        N/A       11%         3
 Stone Arrow              Conj/Erth      26%        3d8       14%         3
 Brom's Barrelling Bould  Conj/Erth      13%        2d4       43%         4
 Petrify                  Alch/Erth      9%         N/A       58%         4

Inventory:

Jewellery
 c - a ring of positive energy (left tentacle)
   (You found it on level 1 of the Dungeon)
Potions
 a - a potion of magic

Dungeon Overview and Level Annotations

Branches:
Dungeon (2/15) Zot: 11054

Altars:

........##...
.#
#######.....#
... ###..##.#
.w## #....##..
...
####.#.#####
#.####....#.#
#..##..####.#
#########..#.##
#.#
....g.h@w...>#
#.#
##############
#.# #.#


You could see a dart slug, a jackal and a goblin.


Message History

Your hp is fully restored (21).
You regained 2 mp, and now have 5/6 mp.
Unknown command.
You climb downwards.
The giant cockroach barely misses you. x2
There is a stone staircase leading up here.
Unknown command.
Aiming: Sandblast (safe; 3% risk of failure)
Press: ? - help, Q - select action Shift-Dir - straight line, f - giant cockroach
Aim: a giant cockroach (82% to hit)
The blast of sand hits the giant cockroach.
You kill the giant cockroach! 😎 MP[-1]
You lost 1 mp, and now have 4/6 mp.
Unknown command.
Unknown command.
A dart slug comes into view. 😎 MP[+2]
Your mp is fully restored (6).
A dart slug is nearby!
A dart slug is nearby!
You can't see any susceptible monsters within range! (Use Z to cast anyway.)
You can't see any susceptible monsters within range! (Use Z to cast anyway.)
You can't see any susceptible monsters within range! (Use Z to cast anyway.) Unknown command.
The blast of sand hits the dart slug!
You kill the dart slug! 😎 MP[-1]
You can't see any susceptible monsters within range! (Use Z to cast anyway.) Unknown command.
Key pressed, stopping explore.
Found a stone staircase leading down. 😎 MP[+2]
Your mp is fully restored (7).
There is a stone staircase leading down here.
A jackal comes into view.
A dart slug comes into view.
There are monsters nearby!
There are monsters nearby!
You can't see any susceptible monsters within range! (Use Z to cast anyway.)
A jackal comes into view.
You can't see any susceptible monsters within range! (Use Z to cast anyway.) Unknown command.
You can't see any susceptible monsters within range! (Use Z to cast anyway.)
A kobold comes into view. It is wielding a +0 club.
The jackal barks!
You hear a bark!
The dart slug launches a dart at you. The slug dart hits you. 😮 HP[-6]
You take 6 damage, and now have 15/21 hp.
MASSIVE DAMAGE!! (PAUSE)
A jackal comes into view. 😕 HP[+1] Unknown command.
A jackal comes into view.
The jackal moves out of view.
The blast of sand hits the jackal!
You kill the jackal! 😕 MP[-1]
You lost 1 mp, and now have 6/7 mp.
The blast of sand hits the jackal!
You kill the jackal!
The jackal barks! 😕 MP[-1]
You lost 1 mp, and now have 5/7 mp.
Unknown command.
The blast of sand misses the kobold.
The blast of sand hits the jackal.
You kill the jackal!
A goblin comes into view. It is wielding a +0 dagger.
The kobold hits you with a +0 club. 😮 HP[-4] MP[-1]
You take 4 damage, and now have 12/21 hp.
You lost 1 mp, and now have 4/7 mp.
Unknown command.
You are too injured to fight recklessly!
You are too injured to fight recklessly!
Unknown command.
You are too injured to fight recklessly!
Unknown command.
The goblin shouts!
You tentacle-slap the kobold. Your grab misses the kobold.
The kobold closely misses you.
You tentacle-slap the kobold but do no damage.
Your grab misses the kobold. The kobold completely misses you.
Unknown command.
You barely miss the kobold. Your grab misses the kobold.
Your squeeze misses the kobold. The kobold completely misses you.
Unknown command.
You closely miss the kobold. Your grab misses the kobold.
The dart slug launches a dart at you. The slug dart hits you.
* * * LOW HITPOINT WARNING * * *
The kobold hits you with a +0 club.
* * * LOW HITPOINT WARNING * * *
😱 HP[-9]
You take 9 damage, and now have 3/21 hp.
MASSIVE DAMAGE!! (PAUSE)
You closely miss the kobold. You grab the kobold. You constrict the kobold.
You kill the kobold!
The jackal bites you but does no damage.
The dart slug launches a dart at you. The slug dart hits you.
You die...

Skill      XL: |  1  2  3 |
---------------+----------+-----
Conjurations   | 2 |  2.1
Dodging        | |  2.0
Stealth        | |  2.6
Spellcasting   | |  2.7
Earth Magic    | |  3.6

Action                     || total
---------------------------++-------
  Melee: Unarmed           ||    30
         Constrict         ||    11
         Tentacles         ||     7
         Punch             ||     1
   Cast: Sandblast         ||    15
    Use: Scroll            ||     3
   Stab: Sleeping          ||     3
 Armour: Skin              ||    21
  Dodge: Dodged            ||    30

Levels and vault maps discovered:
D:1:      lightli_arrival_noodles, layout_loops_ring, columned_hall_lemuel,
          minivault_11
D:2:      layout_basic, basic_altar, basic_ecumenical_altar,
          kennysheep_generic_room_13

Notes
Turn   | Place    | Note
-------+----------+-------------------------------------------
     0 | D:1      | ytrimaz the Octopode Earth Elementalist began the quest for
                  | the Orb.
     0 | D:1      | Reached XP level 1. HP: 11/11 MP: 3/3
     0 | D:1      | magus.rc [v1.9.6]
   269 | D:1      | Reached XP level 2. HP: 17/17 MP: 5/5
   790 | D:2      | Reached XP level 3. HP: 17/21 MP: 1/6
   794 | D:2      | Reached skill level 2 in Conjurations
   936 | D:2      | HP: 3/21 [kobold/+0 club (4)]
   937 | D:2      | Killed from afar by a dart slug

Vanquished Creatures
  3 gnolls (D:2)
  A dart slug (D:2)
  3 giant cockroaches
  2 goblins (D:1)
  3 jackals (D:2)
  5 ball pythons
  4 bats
  A frilled lizard (D:1)
  3 kobolds
  A rat (D:1)
26 creatures vanquished.

Table legend:
 A = Non-vault XP
 B = Vault XP
 C = Vault XP percentage of total XP
 D = Non-vault monster count
 E = Vault monster count
 F = Vault count percentage of total count
                 A         B        C        D         E       F
            +---------+---------+-------+---------+---------+-------
      Total |      79 |       0 |   0.0 |      26 |       0 |   0.0
            +---------+---------+-------+---------+---------+-------
        D:1 |      18 |       0 |   0.0 |      13 |       0 |   0.0
        D:2 |      61 |       0 |   0.0 |      13 |       0 |   0.0
            +---------+---------+-------+---------+---------+-------

Skill      XL: |  1  2  3 |
---------------+----------+-----
Conjurations   | 2 |  2.1
Dodging        | |  2.0
Stealth        | |  2.6
Spellcasting   | |  2.7
Earth Magic    | |  3.6

Action                     || total
---------------------------++-------
  Melee: Unarmed           ||    30
         Constrict         ||    11
         Tentacles         ||     7
         Punch             ||     1
   Cast: Sandblast         ||    15
    Use: Scroll            ||     3
   Stab: Sleeping          ||     3
 Armour: Skin              ||    21
  Dodge: Dodged            ||    30

Illustrated notes

Table legend:
 A = Kills in this place as a percentage of kills in the entire game.
 B = Kills by you in this place as a percentage of kills by you in the entire game.
 C = Kills by friends in this place as a percentage of kills by friends in the entire game.
 D = Other kills in this place as a percentage of other kills in the entire game.
 E = Experience gained in this place as a percentage of experience gained in the entire game.
 F = Experience gained in this place divided by the number of levels of this place that you have seen.
                   A       B       C       D       E      F
               +-------+-------+-------+-------+-------+----------------------
         Total | 100.0 | 100.0 |   N/A |   N/A | 100.0 |  39.5
       Dungeon | 100.0 | 100.0 |   N/A |   N/A | 100.0 |  39.5
               +-------+-------+-------+-------+-------+----------------------

Table legend: (Time is in decaauts)
 A = Elapsed time spent in this place.
 B = Non-inter-level travel time spent in this place.
 C = Inter-level travel time spent in this place.
 D = Time resting spent in this place.
 E = Time spent auto-exploring this place.
 F = Levels seen in this place.
 G = Mean time per level.
                   A        B        C        D        E       F      G
               +--------+--------+--------+--------+--------+-----+--------+
         Total |    944 |    873 |     71 |     39 |    663 |   2 |  472.0 |
       Dungeon |    944 |    873 |     71 |     39 |    663 |   2 |  472.0 |
               +--------+--------+--------+--------+--------+-----+--------+

Top non-repeatable levels by time:
     D:1: 722 daAuts
     D:2: 222 daAuts
